 Dungeon Crawl Stone Soup version 0.21-a0-633-g4c047d5 (webtiles) character file.

14 shenanigans the Charmwright (level 2, 0/23 HPs)
             Began as a Barachi Skald on Dec 28, 2017.
             Slain by a goblin
             ... wielding a +0 dagger
              (3 damage)
             ... on level 1 of the Dungeon.
             The game lasted 00:01:13 (513 turns).

shenanigans the Charmwright (Barachi Skald)          Turns: 513, Time: 00:01:14

Health: 0/23       AC:  3    Str: 12    XL:     2   Next: 45%
Magic:  3/5        EV: 12    Int: 13    God:
Gold:   52         SH:  0    Dex: 11    Spells: 4/5 levels left

rFire    . . .     SeeInvis .   a - +0 hand axe
rCold    . . .     Gourm    .   (no shield)
rNeg     . . .     Faith    .   b - +0 leather armour
rPois    .         Spirit   .   (no helmet)
rElec    .         Reflect  .   (no cloak)
rCorr    .         Harm     .   (no gloves)
MR       .....                  (no boots)
Stlth    +.........             (no amulet)
HPRegen  0.07/turn              (no ring)
MPRegen  0.09/turn              (no ring)

@: infused, can't hop, very slightly contaminated, slow
A: +LOS, swims, slowness 1, strong legs 1
a: Hop


You were on level 1 of the Dungeon.
You were not hungry.

You visited 1 branch of the dungeon, and saw 1 of its levels.

You collected 52 gold pieces.

Inventory:

Hand Weapons
 a - a +0 hand axe (weapon)
Armour
 b - a +0 leather armour (worn)
Jewellery
 g - a +4 ring of intelligence {unknown}
Scrolls
 e - a scroll of magic mapping {unknown}
 f - a scroll of identify {unknown}
Books
 c - a book of Battle

   Spells                             Type                      Level
   a - Infusion                       Charms                       1
   b - Shroud of Golubria             Charms/Translocation         2
   c - Song of Slaying                Charms                       2
   d - Spectral Weapon                Hexes/Charms                 3
   e - Regeneration                   Charms/Necromancy            3
Comestibles
 d - 3 rations


   Skills:
 + Level 2.8 Fighting
 + Level 2.4 Axes
 + Level 1.7 Armour
 + Level 2.5 Dodging
 - Level 2.1 Spellcasting
 - Level 3.2 Charms


You had 4 spell levels left.
You knew the following spells:

 Your Spells              Type           Power        Failure   Level  Hunger
a - Infusion              Chrm           #...         9%          1    ##.....


Dungeon Overview and Level Annotations

Branches:
Dungeon (1/15)

Altars:


Innate Abilities, Weirdness & Mutations

Shadows flee at your approach. (+LOS)
You can swim through water.
You cover ground slowly.
You can hop short distances.


Message History

The goblin closely misses you.
You barely miss the goblin.
The goblin is severely wounded.
The goblin hits you with a dagger.
* * * LOW HITPOINT WARNING * * *
Hop to where?
Press: ? - help, Dir - move target cursor Boing!
Casting: Infusion
Confirm with . or Enter, or press ? or * to list all spells.
You miscast Infusion.
You are very lightly contaminated with residual magic.
Nothing appears to happen.
Casting: Infusion
Confirm with . or Enter, or press ? or * to list all spells.
You begin infusing your attacks with magical energy.
You closely miss the goblin.
The goblin is severely wounded.
The goblin hits you with a dagger.
You die...

........##....########
........##...........#
.รท...#####..(........#
.....# #...........#
(..### #...........#
###### ###.##.######
.....# #..#..# .....#
.......#.# .....#
.......#@# .....#
.......#g# .....#
.......#.##
.....#########.#..#
........# #..#.#
#.......# ##.#)#
#.......# #...#
#.......# ##...#
#.......# .......


You could see a goblin.

Vanquished Creatures
  2 goblins (D:1)
  2 hobgoblins (D:1)
  2 jackals (D:1)
  5 bats (D:1)
  2 kobolds (D:1)
  A rat (D:1)
14 creatures vanquished.

Notes
Turn   | Place    | Note
-------+----------+-------------------------------------------
     0 | D:1      | shenanigans the Barachi Skald began the quest for the Orb.
     0 | D:1      | Reached XP level 1. HP: 17/17 MP: 3/3
     6 | D:1      | Noticed a lindwurm
     6 | D:1      | Noticed a polar bear
     6 | D:1      | Noticed a crocodile
     6 | D:1      | Noticed a wyvern
   109 | D:1      | Reached XP level 2. HP: 14/23 MP: 5/5
   513 | D:1      | Slain by a goblin

Vault maps used:
D:1:      onia_arrival_zoo_common

Action                   || total
-------------------------++-------
Melee: Hand axe          ||    63
 Cast: Infusion          ||     1
 Abil: Hop               ||     1
Armor: Leather armour    ||    24
Dodge: Dodged            ||    42

Table legend:
 A = Spawn XP
 B = Non-spawn XP
 C = Spawn XP percentage of total XP
 D = Spawn monster count
 E = Non-spawn monster count
 F = Spawn count percentage of total count
 G = Total turns spent on level
                    A         B        C        D         E        F      G
               +---------+---------+-------+---------+---------+-------+---------
         Total |       0 |      21 |   0.0 |       0 |      14 |   0.0 |   513
               +---------+---------+-------+---------+---------+-------+---------
           D:1 |       0 |      21 |   0.0 |       0 |      14 |   0.0 |   513
               +---------+---------+-------+---------+---------+-------+---------
